 Dungeon Crawl Stone Soup version 0.29.0-7-g18a832c13a (webtiles) character file.

Game seed: 6999228103609222990

1791378 Sergey the Slayer (level 25, 198/198 HPs)
             Began as a Gargoyle Berserker on Aug 30, 2022.
             Was a High Priest of Trog.
             Escaped with the Orb
             ... and 3 runes!
             The game lasted 01:59:09 (55845 turns).

Sergey the Slayer (Gargoyle Berserker)             Turns: 55845, Time: 01:59:09

Health: 198/198    AC: 72    Str: 40    XL:     25   Next: 39%
Magic:  14/14      EV: 16    Int: 23    God:    Trog [*****.]
Gold:   5428       SH:  0    Dex: 18    Spells: 24/24 levels left

rFire   + + .      SeeInvis +   w - +9 executioner's axe (flame)
rCold   + . .      Faith    .   (shield currently unavailable)
rNeg    + + .      Spirit   .   W - +8 orange crystal plate armour {Archmagi, Int+3 Clar}
rPois   ∞          Reflect  .   D - +4 helmet "Lif Jein" {Will+}
rElec   +          Harm     .   a - +2 cloak "Lajyi" {rF+ SInv}
rCorr   .          Rampage  .   d - +3 pair of gauntlets of War {Slay+5}
Will    ++++.      Archmagi +   H - +2 pair of boots "Doegim" {Fly Str+6 Dex+3}
Stlth   .......... Clarity  +   I - amulet of regeneration
HPRegen 1.23/turn               m - ring "Diqoedgh" {rPois rF+ rN+ Will+ Dex-2}
MPRegen 0.14/turn               N - ring "Udockupaess" {Will+ MP-9 Str+3 Int+10 Dex+6}

@: flying
A: sickness immunity, AC +19, big wings, negative energy resistance 1,
electricity resistance, torment resistance 1, petrification resistance, thin
skeletal structure 1, cold resistance 1, robust 1, screaming 1
0: Orb of Zot
}: 3/15 runes: decaying, slimy, silver
a: Renounce Religion, Berserk, Trog's Hand, Brothers in Arms


You escaped.
You worshipped Trog.
Trog was extremely pleased with you.
You visited 9 branches of the dungeon, and saw 49 of its levels.
You also visited: Gauntlet, Ice Cave and Wizlab.

You collected 8397 gold pieces.
You spent 2969 gold pieces at shops.

Inventory:

Hand Weapons
 f - a +4 executioner's axe of electrocution
 q - a +4 antimagic broad axe
 w - a +9 executioner's axe of flaming (weapon)
Missiles
 E - 3 throwing nets
 G - 41 poisoned darts (quivered)
 T - 11 curare-tipped darts
Armour
 a - the +2 cloak "Lajyi" (worn) {rF+ SInv}
   (You acquired it in a wizard's laboratory)

   rF:        It protects you from fire.
   SInv:      It lets you see invisible.
 d - the +3 pair of gauntlets of War (worn) {Slay+5}
   (You found it on level 5 of the Pits of Slime)

   Slay:      It affects your accuracy & damage with ranged weapons and melee
   (+5).
 i - a scarf of resistance
 D - the +4 helmet "Lif Jein" (worn) {Will+}
   (You acquired it on level 2 of the Orcish Mines)

   Will:      It increases your willpower.
 H - the +2 pair of boots "Doegim" (worn) {Fly Str+6 Dex+3}
   (You found it in a Gauntlet)

   Str:       It affects your strength (+6).
   Dex:       It affects your dexterity (+3).
   Fly:       It grants you flight.
 W - the +8 orange crystal plate armour (worn) {Archmagi, Int+3 Clar}
   (You acquired it on level 5 of the Pits of Slime)

   Int:       It affects your intelligence (+3).
   Clar:      It protects you against confusion.
Jewellery
 m - the ring "Diqoedgh" (left hand) {rPois rF+ rN+ Will+ Dex-2}
   (You found it on level 5 of the Vaults)

   [ring of willpower]

   Dex:       It affects your dexterity (-2).
   rF:        It protects you from fire.
   rPois:     It protects you from poison.
   rN:        It protects you from negative energy.
   Will:      It increases your willpower.
 I - an amulet of regeneration (around neck)
 N - the ring "Udockupaess" (right hand) {Will+ MP-9 Str+3 Int+10 Dex+6}
   (You found it on level 1 of the Swamp)

   [ring of dexterity]

   Str:       It affects your strength (+3).
   Int:       It affects your intelligence (+10).
   Dex:       It affects your dexterity (+6).
   MP:        It affects your magic capacity (-9).
   Will:      It increases your willpower.
 R - a ring of resist corrosion
 S - a +4 ring of protection
 Z - a ring of protection from cold
Wands
 r - a wand of roots (46)
 v - a wand of digging (3)
 y - a wand of quicksilver (14)
 F - a wand of charming (44)
 Y - a wand of flame (73)
Scrolls
 b - a scroll of silence {!r}
 j - 17 scrolls of teleportation {@r3}
 k - 10 scrolls of vulnerability {!r}
 B - 5 scrolls of immolation
 J - 6 scrolls of blinking {@r4}
 L - 6 scrolls of enchant armour
 M - 3 scrolls of fear
 O - 3 scrolls of summoning {!r}
 U - 8 scrolls of poison
Potions
 c - 6 potions of might {@q3}
 e - 2 potions of magic
 g - 15 potions of attraction
 h - 3 potions of haste {@q5}
 l - 39 potions of curing {@q2}
 o - 4 potions of ambrosia
 p - 6 potions of lignification
 t - 8 potions of flight
 u - 13 potions of mutation
 x - 2 potions of berserk rage
 z - 2 potions of resistance
 A - 3 potions of cancellation
 C - 13 potions of heal wounds {@q1}
 X - 4 potions of invisibility
Miscellaneous
 n - a phial of floods
 s - a phantom mirror
 Q - a lightning rod (4/4)
 V - a condenser vane


   Skills:
 + Level 24.4 Fighting
 + Level 24.2 Axes
 + Level 20.5 Armour
 + Level 15.4 Dodging
 + Level 12.5 Evocations


You had 24 spell levels left.
You didn't know any spells.
Your spell library was empty.

Dungeon Overview and Level Annotations

Branches:
Dungeon (15/15)            Temple (0/1) D:4            Lair (5/5) D:10
  Swamp (4/4) Lair:3       Spider (4/4) Lair:2        Slime (5/5) Lair:4
    Orc (2/2) D:9             Elf (0/3) Orc:2        Vaults (5/5) D:14
  Crypt (0/3) Vaults:3     Depths (4/4) D:15            Zot (5/5) Depths:4
  IceCv (visited)          WizLab (visited)         Gauntlet (visited)

Altars:
Cheibriados
Dithmenos
Elyvilon
Fedhas
Gozag
Hepliaklqana
Kikubaaqudgha
Nemelex Xobeh
Okawaru
Ru
Trog
Vehumet
Yredelemnul
The Shining One
Jiyva

Shops:
D:1 !   D:5 :   D:8 *   Orc:2 ?!([!(!   Vaults:2 [:[!   Depths:2 ***

Portals:
Hell: Depths:1 Depths:2 Depths:3 Depths:4
Abyss: Depths:1 Depths:3 Depths:4
Pandemonium: Depths:1 Depths:2
Ziggurat: Depths:4

Annotations:
D:1 exclusion: 2 downstairs
D:2 1 runed translucent door, Crazy Yiuf
D:3 exclusion: downstairs
D:6 exclusions: 5 doors and 1 more exclusion
D:11 5 transporters
D:15 Roxanne
Lair:1 exclusion: oklob plant
Lair:4 exclusion: downstairs
Swamp:3 exclusion: downstairs
Spider:1 1 runed translucent door, iishen's ghost, adept CeHu
Spider:3 exclusion: 2 downstairs


Innate Abilities, Weirdness & Mutations

You are immune to sickness and miasma.
Your stone body is resilient. (AC +19)
You are immune to poison.
Your large and strong wings let you fly.
You resist negative energy. (rN+)
You are resistant to electric shocks. (rElec)
You are resistant to unholy torment.
You are immune to petrification.
You have a somewhat thin skeletal structure. (Dex +2, Stealth+)
Your flesh is cold resistant. (rC+)
You are robust. (+10% HP)
You occasionally shout uncontrollably at your foes.


Message History

There is a stone staircase leading down here.
A ynoxinul comes into view.
You slice the ynoxinul!! You burn the ynoxinul!
You kill the ynoxinul!
Trog accepts your kill.
No target in view!
No target in view!
(D) Dungeon (T) Temple (L) Lair (S) Swamp (N) Spider Nest (M) Slime Pits (O) Orcish Mines (E) Elven Halls (V) Vaults (C) Crypt (U) Depths (H) Hell (Z) Zot
Where to? (Enter - D:1 @ (x,y), ? - help)
You see here a +0 dagger.
There is a stone staircase leading up here.
You fly upwards.
Level annotation: 1 runed translucent door, Crazy Yiuf
There is a stone staircase leading down here.
There is a stone staircase leading up here.
You see here a scroll of noise.
You fly upwards.
Level annotation: exclusion: 2 downstairs You yell at the ice devil!
A Setulaen, an ice devil and a sixfirhy come into view.
There is a stone staircase leading down here.
Blink to where?
Press: ? - help, Dir - move target
As you read the scroll of blinking {@r4}, it crumbles to dust.
Blink to where?
Press: ? - help, Dir - move target
As you read the scroll of blinking {@r4}, it crumbles to dust.
Aiming: Dig
Press: ? - help, Shift-Dir - straight line, f - you Please select a direction to dig.
This square is covered in magical glow.
The rock shatters into small pieces.
Blink to where?
Press: ? - help, Dir - move target
As you read the scroll of blinking {@r4}, it crumbles to dust.
There is a staircase leading out of the dungeon here.
You have escaped!

.........§#######...#####.####.###.
.#.........................# #..##.
..........#.#############..# ##..#.
...#..##'##.............##'## ##.#.
...####..........⌠..........####.#.
...##...⌠.................⌠...##...
..##........⌠.........⌠........##..
..#.............................#..
..#...⌠..........@..........⌠...#..
..#.............................#..
..##........⌠.........⌠........##..
..###...⌠.................⌠...###..
..# ###..........⌠..........### #.>
..# #####.............##### #.# ###
############################.#
#............................'
#........####.....##########+#


There were no monsters in sight!

Vanquished Creatures
  the Royal Jelly (Slime:5)
  2 orbs of fire
  Sojobo (Depths:4)
  A Killer Klown (Zot:2)
  Bai Suzhen (Vaults:4)
  Margery (Vaults:4)
  A caustic shrike (shapeshifter) (Vaults:5)
  4 caustic shrikes (Depths:4)
  Nikola (Spider:1)
  3 curse toes (Zot:5)
  2 golden dragons
  Jory (Vaults:4)
  Arachne (Spider:2)
  An electric golem (Zot:3)
  5 tentacled monstrosities
  Mlioglotl (Spider:1)
  An Ice Fiend (Zot:3)
  Rupert (D:15)
  8 Orb Guardians
  6 titans
  4 quicksilver dragons
  2 liches
  13 acid blobs
  A tentacled starspawn (WizLab)
  14 tengu reavers
  3 sphinxes
  2 thorn hunters (Swamp:4)
  Frances (D:14)
  2 death cobs
  2 storm dragons
  11 shadow dragons
  Agnes (D:15)
  2 draconian monks
  2 nagarajas (WizLab)
  2 fenstrider witches
  6 rockslimes
  8 fire giants
  5 azure jellies
  An emperor scorpion (Spider:2)
  A cacodemon (Depths:4)
  2 draconian knights
  An orc warlord (Vaults:3)
  An iron dragon (Vaults:5)
  4 deep elf sorcerers
  8 frost giants
  A balrug (Depths:4)
  A draconian shifter (Depths:4)
  5 ghost moths
  15 vault wardens
  17 ironbound preservers
  2 draconian stormcallers
  18 stone giants
  5 war gargoyles
  3 demonspawn corrupters (WizLab)
  A broodmother (Spider:3)
  A draconian annihilator (Zot:3)
  6 quicksilver oozes
  A reaper (Depths:1)
  5 ironbound thunderhulks
  5 eleionomae
  4 black draconians
  14 very ugly things
  A green draconian (Depths:4)
  A deep elf annihilator (Vaults:4)
  A minotaur (Gauntlet)
  3 deep elf demonologists
  A white draconian (Depths:4)
  2 red draconians
  2 vampire knights (Depths:1)
  2 yellow draconians (Zot:2)
  5 spark wasps
  2 bunyips
  5 entropy weavers
  5 dire elephants
  3 purple draconians
  A deep elf death mage (Vaults:5)
  A merfolk javelineer (WizLab)
  9 ettins
  2 blizzard demons
  7 fire dragons
  2 merfolk impalers (Depths:3)
  4 deep elf high priests
  Josephine (Orc:2)
  16 yaktaur captains
  9 great orbs of eyes
  A jorogumo (Spider:2)
  A rakshasa (D:15)
  38 vault guards
  7 ice dragons
  5 ogre magi
  25 hydras
  2 spriggan skeletons (D:14)
  A merfolk avatar (Lair:5)
  3 ghost crabs
  3 spriggan air magi
  3 peacekeepers
  21 two-headed ogres
  A merfolk aquamancer (WizLab)
  An alligator snapping turtle (shapeshifter) (Vaults:5)
  7 boulder beetles
  14 centaur warriors
  10 ironbound frosthearts
  3 radroaches
  9 tengu warriors
  A death knight (D:15)
  A dancing weapon (Vaults:4)
  9 deep troll earth magi
  8 alligators
  7 deep troll shamans
  2 vampire magi
  2 spriggan berserkers (Depths:3)
  14 death yaks
  A sun demon (Depths:4)
  Urug (D:12)
  4 soul eaters
  10 hell knights
  A sixfirhy (Depths:4)
  8 iron trolls
  4 goliath frogs
  3 steelbarb worms
  A titan skeleton (Vaults:4)
  2 glowing orange brains
  6 pharaoh ants
  A sea snake (Lair:5)
  4 skeletal warriors
  A bunyip zombie (Swamp:4)
  A death drake (Swamp:2)
  5 orb spiders
  6 spriggan druids
  67 deep trolls
  3 sun moths
  A flayed ghost (Vaults:1)
  11 bog bodies
  14 swamp dragons
  3 bunyip skeletons (Swamp:4)
  A sphinx zombie (D:14)
  6 phantasmal warriors
  A golden dragon skeleton (D:14)
  20 ironbound convokers
  6 lindwurms
  5 necromancers
  5 deep elf pyromancers
  14 wizards
  2 fire giant zombies (D:14)
  A deep elf zephyrmancer (Vaults:4)
  12 wolf spiders
  2 orc sorcerers (Orc:2)
  11 orc knights
  A frost giant zombie (D:14)
  4 cyclopes
  A stone giant zombie (D:14)
  A tengu skeleton (Vaults:4)
  A shining eye (shapeshifter) (Depths:4)
  6 will-o-the-wisps
  42 ugly things
  3 worldbinders (WizLab)
  6 manticores
  3 moths of wrath
  10 black mambas
  A stone giant skeleton (Vaults:4)
  A frost giant skeleton (D:14)
  2 guardian serpents (Depths:2)
  2 smoke demons
  An ice statue (IceCv)
  An eye of devastation (Slime:5)
  An orange demon (Depths:4)
  2 rust devils (Depths:1)
  11 torpor snails
  5 elephants
  20 cane toads
  23 vault sentinels
  A water nymph (shapeshifter) (Vaults:5)
  7 demonic crawlers
  9 rime drakes
  2 unseen horrors
  17 yaktaurs
  3 anaconda simulacra (IceCv)
  3 kobold demonologists
  A freezing wraith (D:15)
  7 tengu conjurers
  4 guardian mummies (Depths:1)
  7 komodo dragons
  3 ice devils
  A red devil (Depths:1)
  A hellwing (Depths:4)
  9 trolls
  A yaktaur skeleton (Vaults:2)
  2 polar bears (Lair:5)
  A hornet (shapeshifter) (D:15)
  Grinder (D:3)
  6 saltlings (Orc:2)
  14 tarantellas
  62 slime creatures
  6 tyrant leeches
  A snapping turtle (Lair:5)
  13 dream sheep
  9 hornets
  Prince Ribbit (D:7)
  10 blink frogs
  A spriggan zombie (D:14)
  A raiju (Gauntlet)
  24 jumping spiders
  Sigmund (D:3)
  2 human simulacra
  13 culicivoras
  A shadow (D:11)
  3 ynoxinuls
  12 spriggans
  9 water elementals
  A deep troll skeleton (Vaults:4)
  A yak (shapeshifter) (Vaults:5)
  40 yaks
  7 golden eyes
  8 wraiths
  A spriggan (shapeshifter) (Vaults:2)
  8 large abominations (Depths:1)
  3 wyverns
  17 redbacks
  7 basilisks
  5 steam dragons
  A death yak simulacrum (IceCv)
  2 chaos spawn (Depths:1)
  2 elf skeletons
  8 vampire mosquitoes
  5 wargs
  2 harpy simulacra (IceCv)
  15 swamp worms
  Edmund (D:4)
  3 acid dragons
  A glowing shapeshifter skeleton (Vaults:2)
  2 hydra simulacra (IceCv)
  10 swamp drakes
  15 water moccasins
  21 orc warriors
  An ice beast (D:8)
  A sky beast (D:8)
  3 black bears
  14 ogres
  4 human zombies
  2 boggarts (Vaults:2)
  23 wolves
  13 centaurs
  2 swamp dragon skeletons (Swamp:4)
  5 kobold brigands
  2 necrophages (D:5)
  18 bullfrogs
  A cane toad simulacrum (IceCv)
  3 scorpions
  6 two-headed ogre simulacra (IceCv)
  8 wights
  4 small abominations (Depths:1)
  An elephant simulacrum (IceCv)
  4 killer bees (D:7)
  2 howler monkeys
  5 electric eels
  7 jellies
  4 hounds
  A gnoll bouda (D:6)
  12 orc priests
  3 iguanas (D:5)
  Terence (D:2)
  Jessica (D:2)
  27 orc wizards
  2 troll simulacra (IceCv)
  8 spriggan simulacra
  A lightning spire (Gauntlet)
  A polar bear simulacrum (IceCv)
  3 wolf simulacra (IceCv)
  4 mummies (Depths:1)
  3 gnolls (D:6)
  10 adders
  3 naga simulacra (IceCv)
  10 white imps
  10 ufetubi (IceCv)
  A worm (D:3)
  2 dart slugs
  67 orcs
  8 ball pythons
  5 endoplasms
  3 giant cockroaches
  8 hobgoblins
  10 jackals
  4 quokkas
  5 bats
  3 frilled lizards
  9 goblins
  26 kobolds
  6 rats
  18 briar patches
  A pillar of salt (Orc:2)
  A plant (D:15)
  2 starspawn tentacles (WizLab)
1789 creatures vanquished.

Vanquished Creatures (collateral kills)
  Xtahua (Vaults:4)
  2 acid blobs (Slime:5)
  A sphinx (Depths:3)
  A thorn hunter (Swamp:3)
  A tengu reaver (Vaults:5)
  A rockslime (Slime:5)
  An azure jelly (Slime:5)
  2 vault wardens
  An orc warlord (Orc:2)
  An ironbound preserver (Vaults:3)
  Nessos (Lair:5)
  A yellow draconian (Zot:3)
  An entropy weaver (Vaults:5)
  A great orb of eyes (Slime:5)
  2 vault guards
  A boulder beetle (Lair:1)
  A hydra (Swamp:3)
  An ironbound frostheart (Vaults:4)
  A two-headed ogre (shapeshifter) (Vaults:5)
  2 alligators (Swamp:3)
  3 deep troll earth magi
  An orc high priest (Orc:2)
  3 spriggans (Swamp:3)
  2 hell knights (Depths:3)
  A steelbarb worm (Spider:2)
  A sea snake (Lair:5)
  2 spriggan druids (Swamp:3)
  3 deep trolls
  A swamp dragon (Swamp:3)
  4 ironbound convokers
  2 necromancers (Vaults:4)
  2 orc knights
  4 shining eyes
  A harpy (Lair:5)
  A cyclops (D:11)
  4 ugly things
  A manticore (D:14)
  A black mamba (Lair:5)
  An elephant (Lair:5)
  A vault sentinel (Vaults:4)
  A torpor snail (Spider:2)
  A cane toad (Lair:4)
  13 yaktaurs
  A rime drake (Lair:5)
  A komodo dragon (Lair:4)
  An efreet (D:14)
  A saltling (Orc:2)
  2 hornets (Swamp:3)
  A tarantella (Spider:2)
  6 slime creatures (Slime:5)
  A dream sheep (Lair:4)
  A jumping spider (Spider:1)
  2 culicivoras
  A basilisk (D:14)
  An acid dragon (D:14)
  2 swamp worms (Swamp:3)
  2 orc warriors (Orc:2)
  A centaur (D:11)
  An orc priest (Orc:2)
  An orc wizard (Orc:2)
  2 orcs (Orc:2)
  2 briar patches (Swamp:3)
108 creatures vanquished.

Vanquished Creatures (others)
  An orb spider (Spider:3)
  2 wizards
  2 bloated husks
  A jumping spider (Spider:3)
  A swamp worm (Swamp:1)
  2 boggarts (Vaults:2)
  2 human simulacra (D:9)
  2 orcs
  6 briar patches
  A bush (Lair:5)
  26 foxfires
  125 fungi
  7 pillars of salt (Orc:2)
  136 plants
  2 starspawn tentacles (WizLab)
  18 toadstools
334 creatures vanquished.

Grand Total: 2231 creatures vanquished

Notes
Turn   | Place    | Note
-------+----------+-------------------------------------------
     0 | D:1      | Sergey the Gargoyle Berserker began the quest for the Orb.
     0 | D:1      | Reached XP level 1. HP: 14/14 MP: 1/1
    93 | D:1      | Found Gelet's Distillery.
   329 | D:1      | Reached XP level 2. HP: 16/19 MP: 2/2
   653 | D:1      | Found a faded altar of an unknown god.
  1413 | D:1      | Found a faded altar of an unknown god.
  1568 | D:1      | Found Gelet's Distillery.
  2113 | D:2      | Reached XP level 3. HP: 24/24 MP: 3/3
  2218 | D:2      | Noticed Terence
  2252 | D:2      | Identified the +7 short sword "Ijif" {speed, *Noise Str+5
                  | Int+7}
  2576 | D:2      | Noticed Jessica
  2582 | D:2      | Killed Jessica
  2583 | D:2      | Reached XP level 4. HP: 29/29 MP: 4/4
  2850 | D:2      | Found a bloodstained altar of Trog.
  3027 | D:2      | Found a runed translucent door.
  3028 | D:2      | Noticed Crazy Yiuf
  3421 | D:3      | Reached ** piety under Trog
  3569 | D:3      | Found a basalt altar of Yredelemnul.
  3776 | D:3      | Reached XP level 5. HP: 34/34 MP: 5/5
  4030 | D:3      | Noticed Sigmund
  4136 | D:4      | Noticed an ogre
  4786 | D:4      | Noticed Edmund
  4843 | D:3      | Killed Sigmund
  4844 | D:3      | Reached skill level 5 in Fighting
  4844 | D:3      | Reached skill level 5 in Axes
  4844 | D:3      | Reached XP level 6. HP: 40/40 MP: 6/6
  5061 | D:2      | Killed Terence
  5284 | D:2      | Found a bloodstained altar of Trog.
  5501 | D:3      | Noticed Grinder
  5664 | D:3      | Killed Grinder
  5665 | D:3      | Reached XP level 7. HP: 46/46 MP: 7/7
  6657 | D:4      | Found a staircase to the Ecumenical Temple.
  6818 | D:4      | Found an iron altar of Okawaru.
  6924 | D:5      | Entered Level 5 of the Dungeon
  7239 | D:5      | Gained mutation: You occasionally shout uncontrollably at
                  | your foes. [potion of mutation]
  7239 | D:5      | Gained mutation: Your flesh is cold resistant. (rC+)
                  | [potion of mutation]
  7239 | D:5      | Gained mutation: You are robust. (+10% HP) [potion of
                  | mutation]
  7481 | D:5      | Reached skill level 1 in Evocations
  7548 | D:5      | Reached XP level 8. HP: 58/58 MP: 8/8
  7988 | D:5      | Found a hazy altar of Hepliaklqana.
  8035 | D:5      | Found Cotuicun's Tremendous Tomes.
  8212 | D:1      | Bought a potion of heal wounds for 65 gold pieces
  8212 | D:1      | Bought a potion of curing for 39 gold pieces
  9146 | D:6      | Identified the +0 hat of Loyzynin {Dex+5 Stlth-}
  9237 | D:6      | Noticed a slime creature
  9581 | D:6      | Reached XP level 9. HP: 43/64 MP: 9/9
 10643 | D:7      | Reached skill level 5 in Armour
 10971 | D:3      | Found a basalt altar of Yredelemnul.
 11373 | D:3      | Found a basalt altar of Yredelemnul.
 12202 | D:4      | Found an iron altar of Okawaru.
 12282 | D:4      | Found a staircase to the Ecumenical Temple.
 12461 | D:4      | Killed Edmund
 13007 | D:7      | Noticed Prince Ribbit
 13020 | D:7      | Killed Prince Ribbit
 13559 | D:8      | Found a white marble altar of Elyvilon.
 13570 | D:8      | Found a sacrificial altar of Ru.
 13597 | D:8      | Reached XP level 10. HP: 71/72 MP: 10/10
 13599 | D:8      | Reached *** piety under Trog
 13605 | D:8      | Found a blossoming altar of Fedhas.
 13640 | D:8      | Found Uleluyna's Demolitions Depot.
 13797 | D:8      | Noticed a boulder beetle
 13986 | D:9      | Found a snail-covered altar of Cheibriados.
 13987 | D:9      | Found a shadowy altar of Dithmenos.
 14005 | D:9      | Noticed a kobold demonologist
 14072 | D:9      | Noticed a two-headed ogre
 14199 | D:9      | Killed a two-headed ogre
 14200 | D:9      | Reached skill level 10 in Fighting
 14315 | D:9      | Found a staircase to the Orcish Mines.
 14463 | D:8      | Found an ancient bone altar of Kikubaaqudgha.
 14782 | D:8      | Identified the +3 hand axe of the Many Lovers {speed, rPois
                  | Str+2}
 14936 | D:8      | Reached skill level 10 in Axes
 15000 | D:8      | Killed a boulder beetle
 15251 | D:8      | Found a sparkling altar of Nemelex Xobeh.
 15474 | D:1      | Bought a potion of haste for 130 gold pieces
 15474 | D:1      | Bought a potion of resistance for 130 gold pieces
 15644 | D:9      | Killed a kobold demonologist
 15645 | D:9      | Reached XP level 11. HP: 79/79 MP: 11/11
 15656 | D:9      | Found a radiant altar of Vehumet.
 16386 | D:10     | Entered Level 10 of the Dungeon
 16393 | D:10     | Noticed a two-headed ogre
 16403 | D:10     | Killed a two-headed ogre
 16435 | D:10     | Identified the +1 cloak of the Ferocious God {rPois Str-4
                  | Stlth+}
 16453 | D:10     | Found an opulent altar of Gozag.
 16706 | D:10     | Noticed a cyclops
 16717 | D:10     | Killed a cyclops
 16749 | D:10     | Noticed a two-headed ogre
 16873 | D:10     | Killed a two-headed ogre
 17202 | D:10     | Found a staircase to the Lair.
 18255 | D:11     | Found a gate leading to a gauntlet.
 18271 | Gauntlet | Entered a Gauntlet
 18271 | Gauntlet | Found a transporter.
 18271 | Gauntlet | Found a transporter.
 18282 | Gauntlet | Noticed a catoblepas
 18384 | Gauntlet | Found a transporter.
 18384 | Gauntlet | Found a transporter.
 18386 | Gauntlet | Found a large runed translucent door.
 18387 | Gauntlet | Found a large runed translucent door.
 18388 | Gauntlet | Found a large runed translucent door.
 18388 | Gauntlet | Found a large runed translucent door.
 18388 | Gauntlet | Found a runed translucent door.
 18388 | Gauntlet | Found a runed translucent door.
 18389 | Gauntlet | Found a large runed translucent door.
 18390 | Gauntlet | Found a large runed translucent door.
 18390 | Gauntlet | Found a large runed translucent door.
 18390 | Gauntlet | Found a large runed translucent door.
 18391 | Gauntlet | Found a large runed translucent door.
 18392 | Gauntlet | Found a large runed translucent door.
 18398 | Gauntlet | Found a transporter.
 18403 | Gauntlet | Found a large runed translucent door.
 18403 | Gauntlet | Found a large runed translucent door.
 18404 | Gauntlet | Found a large runed translucent door.
 18404 | Gauntlet | Found a large runed translucent door.
 18404 | Gauntlet | Found a large runed translucent door.
 18404 | Gauntlet | Found a large runed translucent door.
 18407 | Gauntlet | Found a runed translucent gate.
 18407 | Gauntlet | Found a runed translucent gate.
 18407 | Gauntlet | Found a runed translucent gate.
 18407 | Gauntlet | Noticed a catoblepas
 18409 | Gauntlet | Found a transporter.
 18417 | Gauntlet | Noticed a death yak
 18419 | Gauntlet | Found a transporter.
 18419 | Gauntlet | Found a transporter.
 18420 | Gauntlet | Noticed a death yak
 18422 | Gauntlet | Noticed a death yak
 18426 | Gauntlet | Found a transporter.
 18432 | Gauntlet | Noticed a cyclops
 18432 | Gauntlet | a torpor snail changed into a cyclops
 18433 | Gauntlet | Noticed a shining eye
 18433 | Gauntlet | an elephant changed into a shining eye
 18435 | Gauntlet | Noticed a shock serpent
 18435 | Gauntlet | a cyclops changed into a shock serpent
 18442 | Gauntlet | Noticed an anaconda
 18442 | Gauntlet | a shock serpent changed into an anaconda
 18443 | Gauntlet | an anaconda changed into something unseen
 18451 | Gauntlet | Noticed a catoblepas
 18455 | Gauntlet | Found a transporter.
 18455 | Gauntlet | Noticed a quicksilver ooze
 18455 | Gauntlet | a catoblepas changed into a quicksilver ooze
 18459 | Gauntlet | Noticed an alligator
 18459 | Gauntlet | a quicksilver ooze changed into an alligator
 18461 | Gauntlet | Noticed a moth of wrath
 18461 | Gauntlet | a shining eye changed into a moth of wrath
 18461 | Gauntlet | Noticed a radroach
 18461 | Gauntlet | an alligator changed into a radroach
 18462 | Gauntlet | Found a transporter.
 18466 | Gauntlet | Noticed a great orb of eyes
 18466 | Gauntlet | a radroach changed into a great orb of eyes
 18467 | Gauntlet | a moth of wrath changed into a dream sheep
 18482 | Gauntlet | Found a transporter.
 18516 | Gauntlet | Found a transporter.
 18519 | Gauntlet | Noticed a dire elephant
 18531 | Gauntlet | Found a transporter.
 18548 | Gauntlet | Noticed a quicksilver ooze
 18554 | Gauntlet | Noticed an ice dragon
 18554 | Gauntlet | a quicksilver ooze changed into an ice dragon
 18555 | Gauntlet | an ice dragon changed into a tyrant leech
 18556 | Gauntlet | Noticed a wolf spider
 18556 | Gauntlet | a tyrant leech changed into a wolf spider
 18562 | Gauntlet | Noticed a spark wasp
 18632 | Gauntlet | Found a transporter.
 18648 | Gauntlet | Found a transporter.
 18759 | Gauntlet | Noticed a minotaur
 18760 | Gauntlet | Noticed an emperor scorpion
 18760 | Gauntlet | a minotaur changed into an emperor scorpion
 18763 | Gauntlet | Noticed a broodmother
 18765 | Gauntlet | Noticed an azure jelly
 18765 | Gauntlet | an emperor scorpion changed into an azure jelly
 18768 | Gauntlet | Noticed an alligator snapping turtle
 18768 | Gauntlet | an azure jelly changed into an alligator snapping turtle
 18774 | Gauntlet | Noticed a fenstrider witch
 18774 | Gauntlet | an alligator snapping turtle changed into a fenstrider
                  | witch
 18823 | Gauntlet | Identified the +8 lajatang "Daptugg" {venom, Str+2}
 18867 | Gauntlet | Identified the +2 pair of boots "Doegim" {Fly Str+6 Dex+3}
 18944 | Gauntlet | Killed a death yak
 18954 | Gauntlet | Killed a death yak
 18957 | Gauntlet | Killed a death yak
 18957 | Gauntlet | Reached **** piety under Trog
 18967 | Gauntlet | Noticed a bunyip
 18972 | Gauntlet | Noticed a minotaur
 19007 | Gauntlet | Identified the +5 rapier of the Swamp {vorpal, rN+ Stlth+}
 19007 | Gauntlet | Noticed a minotaur
 19019 | Gauntlet | Killed a minotaur
 19020 | Gauntlet | Reached XP level 12. HP: 53/88 MP: 12/12
 19287 | D:11     | Found a transporter.
 19288 | D:11     | Found a transporter.
 19298 | D:11     | Found a transporter.
 19301 | D:11     | Found a transporter.
 19356 | D:11     | Noticed a boulder beetle
 19384 | D:11     | Reached skill level 10 in Armour
 19576 | D:11     | Reached skill level 5 in Dodging
 19916 | D:11     | Found a transporter.
 19916 | D:11     | Found a transporter.
 19973 | D:11     | Identified the +2 leather armour "Redwadoo" {Rampage
                  | *Corrode rElec Int+7}
 20213 | Lair:1   | Entered Level 1 of the Lair of Beasts
 20832 | Lair:1   | Found a shadowy altar of Dithmenos.
 20864 | Lair:1   | Identified the +10 rapier "Aqesof" {drain, rElec Will-
                  | rCorr Dex+3}
 20903 | Lair:1   | Noticed a boulder beetle
 20908 | Lair:1   | Killed a boulder beetle
 21508 | Lair:2   | Reached XP level 13. HP: 94/94 MP: 13/13
 21614 | Lair:2   | Found a hole to the Spider Nest.
 22257 | Lair:2   | Reached ***** piety under Trog
 23687 | Lair:3   | Reached skill level 5 in Evocations
 23791 | Lair:3   | Gained mutation: Your large and strong wings let you fly.
                  | [Gargoyle growth]
 23791 | Lair:3   | Reached XP level 14. HP: 86/101 MP: 14/14
 23868 | Lair:3   | Found a staircase to the Swamp.
 24356 | Lair:4   | Found a viscous altar of Jiyva.
 24364 | Lair:4   | Found a staircase to the Slime Pits.
 25192 | Lair:5   | Entered Level 5 of the Lair of Beasts
 25503 | Lair:5   | Reached skill level 15 in Axes
 25809 | Lair:5   | Noticed Nessos
 25820 | Lair:5   | Killed Nessos
 25865 | Lair:5   | Identified the +1 trident "Ifinyro" {antimagic, rElec rF+
                  | Dex-2}
 26041 | Lair:5   | Received a gift from Trog
 26070 | Lair:5   | Reached XP level 15. HP: 99/110 MP: 15/15
 27219 | D:12     | Found a frozen archway.
 27241 | IceCv    | Entered an ice cave
 27628 | IceCv    | Identified the +9 rapier "Micue" {flame, +Blink MP+9 Str-5
                  | Int+2}
 27659 | IceCv    | Received a gift from Trog
 27859 | IceCv    | Found the +4 skin of Zhor {*Englaciate rC+++ SInv}
 27915 | IceCv    | Reached ****** piety under Trog
 28347 | D:12     | Noticed Urug
 28357 | D:12     | Killed Urug
 29100 | D:13     | Received a gift from Trog
 29537 | D:14     | Noticed Frances
 29547 | D:14     | Killed Frances
 29548 | D:14     | Reached skill level 15 in Fighting
 29731 | D:14     | Identified the ring "Ylaun" {Contam rElec rPois MP+9 Str+6}
 29863 | D:14     | Found a gate to the Vaults.
 29880 | D:14     | Reached skill level 10 in Dodging
 29995 | D:14     | Reached XP level 16. HP: 84/118 MP: 6/16
 30140 | D:14     | Found a glowing golden altar of the Shining One.
 30416 | D:14     | Found the +4 Cigotuvi's embrace {rMiasma Drain rN+}
 30533 | D:15     | Entered Level 15 of the Dungeon
 30653 | Orc:1    | Entered Level 1 of the Orcish Mines
 31022 | Orc:2    | Entered Level 2 of the Orcish Mines
 31055 | Orc:2    | Noticed Josephine
 31063 | Orc:2    | Killed Josephine
 31113 | Orc:2    | Found a staircase to the Elven Halls.
 31141 | Orc:2    | Found Inirexoa's Weapon Emporium.
 31187 | Orc:2    | Bought 2 throwing nets for 66 gold pieces
 31266 | Orc:2    | Received a gift from Trog
 31466 | Orc:2    | Found Minniwoa's Magic Scroll Shoppe.
 31502 | Orc:2    | Found Fiqebb's Distillery.
 31854 | Orc:2    | Found Meafeer's Distillery.
 31891 | Orc:2    | Found Liumoa Fovi's Distillery.
 31915 | Orc:2    | Found Widd's Weapon Shop.
 31984 | Orc:2    | Bought a potion of curing for 36 gold pieces
 31984 | Orc:2    | Bought a potion of cancellation for 96 gold pieces
 32011 | Orc:2    | Found Odeudu's Armour Shoppe.
 32092 | Orc:2    | Bought a scroll of teleportation for 45 gold pieces
 32092 | Orc:2    | Bought a scroll of acquirement for 780 gold pieces
 32092 | Orc:2    | Bought a scroll of summoning for 142 gold pieces
 32092 | Orc:2    | Acquired the +4 helmet "Lif Jein" {Will+}
 32172 | Orc:2    | Bought a potion of heal wounds for 65 gold pieces
 32172 | Orc:2    | Bought a potion of heal wounds for 65 gold pieces
 32172 | Orc:2    | Bought a potion of heal wounds for 65 gold pieces
 32172 | Orc:2    | Bought a potion of curing for 39 gold pieces
 32172 | Orc:2    | Bought a potion of curing for 39 gold pieces
 32172 | Orc:2    | Bought a potion of curing for 39 gold pieces
 32256 | Orc:2    | Bought a potion of might for 64 gold pieces
 32256 | Orc:2    | Bought a potion of might for 64 gold pieces
 32256 | Orc:2    | Bought a potion of haste for 160 gold pieces
 32592 | Spider:1 | Entered Level 1 of the Spider Nest
 32728 | Spider:1 | Noticed Nikola
 32760 | Spider:1 | Killed Nikola
 32770 | Spider:1 | Received a gift from Trog
 32844 | Spider:1 | Found a runed translucent door.
 32846 | Spider:1 | Noticed iishen's ghost (adept CeHu)
 33038 | Spider:1 | Noticed Mlioglotl
 33043 | Spider:1 | Noticed a lich
 33046 | Spider:1 | Killed Mlioglotl
 33615 | Spider:2 | Noticed Arachne
 33635 | Spider:2 | Killed Arachne
 33697 | Spider:2 | Reached XP level 17. HP: 127/127 MP: 17/17
 34293 | Spider:2 | Identified the +0 robe "Dakoap" {+Blink}
 34671 | Spider:3 | Received a gift from Trog
 35189 | Spider:3 | Reached skill level 15 in Armour
 35612 | Spider:4 | Entered Level 4 of the Spider Nest
 36066 | Swamp:1  | Entered Level 1 of the Swamp
 36259 | Swamp:1  | Found a transporter.
 36785 | Swamp:1  | Found a transporter.
 36846 | Swamp:1  | Identified the ring "Udockupaess" {Will+ MP-9 Str+3 Int+10
                  | Dex+6}
 36851 | Swamp:1  | Identified the -2 pair of boots of Narcissism {rC++}
 37151 | Swamp:2  | Reached XP level 18. HP: 127/137 MP: 9/18
 37735 | Swamp:3  | Identified the +2 cloak of Intuition {rN+ Regen+ Dex+3
                  | Stlth+}
 37927 | Swamp:4  | Entered Level 4 of the Swamp
 38138 | Swamp:4  | Received a gift from Trog
 38601 | Swamp:4  | Got a decaying rune of Zot
 38837 | Swamp:4  | Found an ancient bone altar of Kikubaaqudgha.
 39225 | D:15     | Found a staircase to the Depths.
 39263 | D:15     | Noticed Rupert
 39278 | D:15     | Killed Rupert
 39337 | D:15     | Noticed Agnes
 39346 | D:15     | Killed Agnes
 39517 | D:15     | Reached XP level 19. HP: 121/143 MP: 10/19
 40052 | D:15     | Noticed Roxanne
 40412 | Vaults:1 | Entered Level 1 of the Vaults
 40498 | Vaults:1 | Received a gift from Trog
 40553 | Vaults:1 | Found a magical portal.
 40560 | WizLab   | Entered Alistair's Party Mansion
 40717 | WizLab   | Noticed a golden dragon
 40764 | WizLab   | Acquired the +2 cloak "Lajyi" {rF+ SInv}
 41142 | Vaults:1 | Identified the +0 chain mail of Bosirph {rPois Str+4 Int-4}
 41748 | Vaults:1 | Identified the +8 battleaxe of Aggueghatug {vorpal, *Slow
                  | Str+3 Dex+9 SInv} (Trog gifted it to you on level 1 of the
                  | Vaults)
 41748 | Vaults:1 | Received a gift from Trog
 41814 | Vaults:1 | Reached XP level 20. HP: 128/149 MP: 11/20
 42740 | Vaults:2 | Received a gift from Trog
 43102 | Vaults:2 | Found Vosybrim's Distillery.
 43109 | Vaults:2 | Bought a potion of curing for 60 gold pieces
 43109 | Vaults:2 | Bought a potion of magic for 160 gold pieces
 43109 | Vaults:2 | Bought a potion of curing for 60 gold pieces
 43109 | Vaults:2 | Bought 2 potions of invisibility for 320 gold pieces
 43109 | Vaults:2 | Bought a potion of might for 80 gold pieces
 43109 | Vaults:2 | Bought a potion of cancellation for 160 gold pieces
 43669 | Vaults:2 | Found Rofale Loi's Book Shoppe.
 43709 | Vaults:2 | Found Puilu's Antique Armour Shop.
 43759 | Vaults:2 | Found Batzas's Antique Armour Shoppe.
 44010 | Vaults:3 | Received a gift from Trog
 44516 | Vaults:3 | Identified the +11 long sword of Cualude {vorpal, +Blink
                  | Int+3 SInv}
 44851 | Vaults:3 | Found a staircase to the Crypt.
 44851 | Vaults:3 | Found an ancient bone altar of Kikubaaqudgha.
 44852 | Vaults:3 | Found a basalt altar of Yredelemnul.
 44900 | Vaults:3 | Reached XP level 21. HP: 158/158 MP: 12/21
 45035 | Vaults:3 | Reached skill level 10 in Evocations
 45497 | Vaults:4 | Noticed Margery
 45502 | Vaults:4 | Killed Margery
 45515 | Vaults:4 | Received a gift from Trog
 45716 | Vaults:4 | Noticed Jory
 45727 | Vaults:4 | Killed Jory
 46112 | Vaults:4 | Noticed Bai Suzhen
 46121 | Vaults:4 | Killed Bai Suzhen
 46168 | Vaults:4 | Received a gift from Trog
 46558 | Vaults:4 | Noticed Xtahua
 46570 | Vaults:4 | Killed Xtahua
 46696 | Vaults:5 | Entered Level 5 of the Vaults
 46725 | Vaults:5 | Identified the +9 whip of the Freezing God {freeze, *Rage
                  | Will+ rCorr Dex+5}
 46754 | Vaults:5 | Reached XP level 22. HP: 124/168 MP: 13/22
 46874 | Vaults:5 | Identified the ring "Diqoedgh" {rPois rF+ rN+ Will+ Dex-2}
 46887 | Vaults:5 | Identified the +6 falchion of the Battered Seers {drain,
                  | Stlth+}
 47006 | Vaults:5 | Identified the +6 war axe of Youthful Indiscretion {freeze,
                  | rPois Str+4 Stlth+}
 47165 | Vaults:5 | Received a gift from Trog
 47403 | Vaults:5 | Identified the +3 scimitar "Nil Pyig" {vorpal, rElec Will+
                  | Str+2}
 47825 | Vaults:5 | Identified the +9 mace of the Hurting Wasp {flame, *Noise
                  | rN+++ Int+5 Stlth+}
 47825 | Vaults:5 | Identified the +0 acid dragon scales "Seusoxy" {rCorr
                  | Int+2}
 47853 | Vaults:5 | Identified the +6 sling "Qiggesk" {flame, rElec rF+ Will++
                  | Stlth+}
 47960 | Vaults:5 | Noticed a caustic shrike
 47960 | Vaults:5 | an alligator snapping turtle changed into a caustic shrike
 47964 | Vaults:5 | Killed a caustic shrike
 47990 | Vaults:5 | Identified the +1 scale mail "Naitocho" {rPois rF++ Slay-5}
 48201 | Vaults:5 | Received a gift from Trog
 48523 | Vaults:5 | Noticed a golden dragon
 48533 | Vaults:5 | Killed a golden dragon
 48578 | Vaults:5 | Reached XP level 23. HP: 177/177 MP: 14/23
 48623 | Vaults:5 | Got a silver rune of Zot
 48710 | Vaults:5 | Identified the +0 helmet "Itry" {rF+ Dex+4}
 48718 | Vaults:5 | Identified the +9 shortbow of Riuqi {vorpal, rElec Dex+4}
 48981 | Depths:1 | Entered Level 1 of the Depths
 48996 | Depths:1 | Identified the +7 arbalest "Waogras" {flame, Drain Fragile
                  | Fly Will+++}
 49254 | Depths:1 | Found a gateway to Hell.
 49413 | Depths:1 | Received a gift from Trog
 49453 | Depths:1 | Found a one-way gate to the infinite horrors of the Abyss.
 49588 | Depths:1 | Found a one-way gate leading to the halls of Pandemonium.
 50140 | Depths:2 | Found Gozag's Assorted Antiques.
 50269 | Depths:2 | Noticed a golden dragon
 50269 | Depths:2 | Found an opulent altar of Gozag.
 50272 | Depths:2 | Found Gozag's Assorted Antiques.
 50274 | Depths:2 | Found Gozag's Assorted Antiques.
 50330 | Depths:2 | Received a gift from Trog
 50341 | Depths:2 | Identified the +0 plate armour of the Fletcher {+Blink
                  | rElec Will+++ Int-4}
 50564 | Depths:2 | Killed a golden dragon
 51321 | Depths:3 | Reached XP level 24. HP: 184/184 MP: 14/23
 51340 | Depths:3 | Received a gift from Trog
 51737 | Depths:4 | Entered Level 4 of the Depths
 51762 | Depths:4 | Noticed Sojobo
 51773 | Depths:4 | Killed Sojobo
 51935 | Depths:4 | Found a one-way gateway to a ziggurat.
 52027 | Depths:4 | Noticed a caustic shrike
 52034 | Depths:4 | Noticed a caustic shrike
 52036 | Depths:4 | Noticed a caustic shrike
 52037 | Depths:4 | Killed a caustic shrike
 52038 | Depths:4 | Noticed a caustic shrike
 52048 | Depths:4 | Killed a caustic shrike
 52052 | Depths:4 | Killed a caustic shrike
 52053 | Depths:4 | Reached skill level 15 in Dodging
 52054 | Depths:4 | Killed a caustic shrike
 52332 | Depths:4 | Found a gate to the Realm of Zot.
 52436 | Depths:4 | Found a sacrificial altar of Ru.
 52925 | Slime:1  | Entered Level 1 of the Pits of Slime
 53229 | Slime:5  | Entered Level 5 of the Pits of Slime
 53357 | Slime:5  | Noticed the Royal Jelly
 53400 | Slime:5  | Found a viscous altar of Jiyva.
 53402 | Slime:5  | Gained mutation: Your body sometimes deteriorates upon
                  | taking damage. [a shining eye]
 53631 | Slime:5  | Found the +3 pair of gauntlets of War {Slay+5}
 53723 | Slime:5  | Killed the Royal Jelly
 53809 | Slime:5  | Acquired the +8 orange crystal plate armour {Archmagi,
                  | Int+3 Clar}
 53809 | Slime:5  | Found the +8 orange crystal plate armour {Archmagi, Int+3
                  | Clar}
 53821 | Slime:5  | Identified the ring "Kooruag" {Wiz rPois}
 53859 | Slime:5  | Identified the +4 long sword of Patterns {vorpal, *Slow
                  | +Blink rPois rC+}
 53862 | Slime:5  | Identified the +4 falchion of Vun Nuto {drain, rPois Int+2}
 53872 | Slime:5  | Got a slimy rune of Zot
 53892 | Slime:5  | Identified the +0 pair of boots of Fortitude {Str+2}
 53893 | Slime:5  | Identified the +4 chain mail of the Bells {rElec rN++ Dex-4
                  | Slay+2 Stlth+}
 53904 | Slime:5  | Identified the +2 plate armour of the Watchman {Harm rCorr}
 53937 | Slime:5  | Identified the +2 robe of Enwupp {Fly Str+4 Dex-4}
 54370 | Zot:1    | Entered Level 1 of the Realm of Zot
 54373 | Zot:2    | Noticed an orb of fire
 54379 | Zot:2    | Gained mutation: You are occasionally teleported next to
                  | monsters. [an orb of fire]
 54386 | Zot:2    | Killed an orb of fire
 54393 | Zot:1    | Lost mutation: You are occasionally teleported next to
                  | monsters. [potion of mutation]
 54393 | Zot:1    | Lost mutation: Your body sometimes deteriorates upon taking
                  | damage. [potion of mutation]
 54393 | Zot:1    | Lost mutation: You are robust. (+10% HP) [potion of
                  | mutation]
 54393 | Zot:1    | Gained mutation: You occasionally lose the ability to drink
                  | potions when taking damage. [potion of mutation]
 54393 | Zot:1    | Lost mutation: You occasionally lose the ability to drink
                  | potions when taking damage. [potion of mutation]
 54393 | Zot:1    | Gained mutation: You are robust. (+10% HP) [potion of
                  | mutation]
 54495 | Zot:3    | Noticed a Killer Klown
 54572 | Zot:2    | Killed a Killer Klown
 54589 | Zot:2    | Reached XP level 25. HP: 195/195 MP: 14/23
 54666 | Zot:3    | Noticed an orb of fire
 54683 | Zot:3    | Killed an orb of fire
 54725 | Zot:5    | Entered Level 5 of the Realm of Zot
 55081 | Zot:5    | Noticed an orb of fire
 55318 | Zot:5    | Noticed a Killer Klown
 55318 | Zot:5    | Noticed a Killer Klown
 55318 | Zot:5    | Noticed an ancient lich
 55318 | Zot:5    | Noticed an orb of fire
 55321 | Zot:5    | Noticed a dread lich
 55321 | Zot:5    | Noticed an orb of fire
 55322 | Zot:5    | Gained mutation: You have a somewhat thin skeletal
                  | structure. (Dex +2, Stealth+) [an orb of fire]
 55325 | Zot:5    | Got the Orb of Zot
 55325 | Zot:5    | Noticed a Killer Klown
 55537 | Depths:3 | Noticed a seraph
 55775 | D:5      | Noticed Doxzuz the pandemonium lord
 55839 | D:1      | Noticed Setulaen the pandemonium lord
 55845 | D:$      | Escaped with the Orb!

Illustrated notes

Levels and vault maps discovered:
D:1:      dpeg_arrival_water_temple_mockup, layout_basic,
          shapermc_ecumenical_altar_mp_vishouse, serial_shops,
          nicolae_shop_crystal
D:2:      layout_basic, basic_altar, nicolae_titane, uniq_crazy_yiuf_cottage,
          uniq_jessica, uniq_terence
D:3:      layout_basic, overflow_temple_1_default, uniq_sigmund, uniq_grinder
D:4:      layout_basic, mainiacjoe_overflow_chevrons, minmay_temple_entry_grid,
          uniq_edmund
D:5:      layout_basic, mainiacjoe_overflow_six_doors_small,
          nicolae_shop_i_like_big_books
D:6:      cheibrodos_fertilizer, layout_loops_ring, minmay_misc_feat_enclosed,
          hex_medium, kennysheep_pointless_box
D:7:      layout_loops_corners, uniq_prince_ribbit1
D:8:      layout_loops_ring, nemelex_diamond_rough_becter,
          nicolae_ru_path_of_blood, mainiacjoe_overflow_boulevard,
          amcnicky_altar_gilded, fedhas_altar_3, nicolae_blasting_shop
D:9:      layout_long_grid, mainiacjoe_overflow_paths, nicolae_overflow_squiral,
          david_orc_2, bh_circular_ruins
D:10:     layout_basic, grunt_gozag_statues, due_lair_maze_entry_diamond,
          minmay_orc_keep
D:11:     minmay_bloctagon_deflated, layout_grid_maze, gauntlet_entry_generic,
          hangedman_decor_peaks_small, serial_nicolae_subway,
          nicolae_sub_station_crystal, nicolae_sub_station_stone,
          nicolae_sub_station_metal
D:12:     layout_loops_ring, portal_ice_cave_rime, uniq_urug
D:13:     layout_cave_pools, chequers_serial_rivers_room_a,
          lemuel_nasty_fountain
D:14:     layout_basic, lightli_vaults_fourway_checkpoint, tso_altar,
          minivault_25_ag, hellmonk_guarded_unrand_cigotuvi, uniq_frances
D:15:     grunt_enter_depths_hoard, layout_basic, serial_bayou_lagoon_a,
          uniq_agnes, uniq_roxanne, uniq_rupert
Lair:1:   gammafunk_lair_enchanted_lake, layout_cave_pods, basic_altar,
          cheibrodos_lair_caveside_slide, chequers_serial_rivers_marsh,
          serial_bayou_ford_a, minmay_lair_oklob_bushes
Lair:2:   nzn_winding_woodlands_huge [nzn_winding_woodlands_5x15_lazy_stream,
          nzn_winding_woodlands_5x15_cabin, nzn_winding_woodlands_5x15_pockets,
          nzn_winding_woodlands_5x15_pathside_ponds,
          nzn_winding_woodlands_5x15_river_crossing,
          nzn_winding_woodlands_5x15_longhouse,
          nzn_winding_woodlands_5x15_twine, nzn_winding_woodlands_5x15_parted,
          nzn_winding_woodlands_5x15_jagged,
          nzn_winding_woodlands_5x15_concentric,
          nzn_winding_woodlands_center_lodge,
          nzn_winding_woodlands_center_triple_pond,
          nzn_winding_woodlands_15x15_thick_spiral], layout_cave_pods,
          spider_nest_entry_rubble
Lair:3:   layout_small_grid, skrybe_swamp_entry_bodies, beast_lair_carwin_11
Lair:4:   layout_regular_city, slime_entry_1
Lair:5:   gammafunk_lair_ancient_temple, layout_loops_ring, fungi_pond_lemuel,
          chequers_serial_rivers_room_b, dreamdust_mushroom_princess,
          uniq_nessos
Swamp:1:  gammafunk_worm_tunnel, layout_basic_swamp,
          evilmike_swamp_ruin_rubble_1, swamp_pool2
Swamp:2:  layout_basic_swamp, hangedman_swamp_ruin_wall
Swamp:3:  layout_falls_marsh, evilmike_swamp_ruin_house_2, swamp_pool5,
          statue_in_the_mist_lemuel
Swamp:4:  swamp_alternative, layout_basic_swamp, beargit_kiku_chapel
Spider:1: layout_spider_delve, ebering_ghost_inner_flame, uniq_mlioglotl,
          uniq_nikola
Spider:2: layout_spider_delve, nicolae_spider_webs_and_nodes,
          hellmonk_motheaten_closet, uniq_arachne
Spider:3: layout_spider_delve, nicolae_spider_webbed_stairs
Spider:4: grunt_spider_rune_island, amcnicky_altar_lugonu_corruption
Slime:1:  layout_caves, cheibrodos_slime_lost_civilization_5
Slime:2:  layout_caves, uniq_dissolution
Slime:3:  layout_caves, nicolae_slime_phagocytosis
Slime:4:  layout_caves, cheibrodos_slime_lost_civilization_7
Slime:5
Orc:1:    nicolae_orc_accident_3, layout_caves
Orc:2:    hellmonk_orc_salted, layout_diamond_mine, serial_shops,
          nicolae_diamond_shop, shop, nicolae_shop_bloodbath_and_beyond,
          basic_altar, uniq_josephine
Vaults:1: mu_enter_wizlab_2, ontoclasm_vaults_shout, nicolae_vaults_theta,
          v_misc_10, vaults_dpeg_hooks, ontoclasm_vaults_tryst,
          ontoclasm_vaults_chip, layout_vaults_chaotic_city
Vaults:2: nicolae_vaults_network_periphery, nicolae_vaults_network_square,
          st_lines, v_misc_9, vaults_standard_mumra_lines, grunt_vaults_funnel,
          vaults_dpeg_emergency_exit, grunt_vaults_hallway_short,
          nicolae_vaults_little_squares_6, layout_vaults_omnigrid, serial_shops,
          shop, nicolae_shop_trees, nicolae_square_shop, shop
Vaults:3: minmay_crypt_entry_necro_gods, v_pattern_2,
          nicolae_vaults_hallways_thing, nicolae_vaults_puzzle_piece,
          nicolae_vaults_back_hallway, ontoclasm_vaults_bender,
          nicolae_vaults_asterisk, vaults_standard_mumra_x,
          hangedman_vaults_nodes, vaults_room_grid, vaults_dpeg_ring,
          nicolae_vaults_ring_of_whatevers, vaults_room_pools,
          nicolae_vaults_little_ls, nicolae_vaults_little_squares_5,
          nicolae_vaults_alarming, layout_vaults_ring
Vaults:4: nicolae_vaults_c_with_doors, grunt_vaults_trifunnel,
          hangedman_vaults_trim, nicolae_vaults_circle_grid_b,
          vaults_dpeg_diagonal, hangedman_vaults_stretched_pinwheel,
          vaults_room_octagon, nicolae_vaults_circle_grid_a,
          vaults_room_corners, vaults_room_fours, nicolae_vaults_circle_grid_b,
          v_misc_26, nicolae_vaults_little_squares_4, v_misc_33,
          layout_vaults_omnibox, uniq_bai_suzhen, uniq_xtahua, uniq_margery,
          uniq_jory
Vaults:5: serial_shops
Depths:1: layout_basic, kennysheep_small_spiral, minmay_room_of_horrors,
          pf_vacation_house_of_asmodeus, rand_demon_pan_entry_8,
          minmay_guarded_unrand_curses
Depths:2: kennysheep_gozag_temple, layout_cave_pools, pan_entry,
          hangedman_coc_ice_floe
Depths:3: cheibrodos_birdhouse, layout_cave_pools, abyss_entry_glasseish,
          hell_entry, nrook_mini_backslash, kennysheep_generic_room_2,
          infiniplex_staircase_zigzag_4, serial_bayou_shore_a
Depths:4: grunt_zot_entry_bicorn, layout_twisted_cross, enter_ziggurat_e,
          lightli_too_deep, hangedman_abyss_entry_splay, lemuel_statue_altar,
          uniq_sojobo
Zot:1:    layout_gridlike
Zot:2:    infiniplex_zot_generator, layout_onion_interference
Zot:3:    layout_gridville
Zot:4:    kennysheep_blocky_hall, layout_gridlike, uniq_tiamat
Zot:5:    layout_basic, nrook_zot_tub

Skill      XL: |  1  2  3  4  5  6  7  8  9 10 11 12 13 14 15 16 17 18 19 20 21 22 23 24 |
---------------+-------------------------------------------------------------------------+-----
Axes           | 3 4 5 6 7 9 11 12 13 14 15 16 17 18 20 23 24 | 24.2
Fighting       | 4 5 6 7 8 9 10 11 12 14 15 16 18 19 20 21 22 24 | 24.4
Evocations     | 1 3 5 7 8 9 11 12 | 12.5
Armour         | 4 6 8 9 10 11 12 14 15 16 17 19 20 | 20.5
Dodging        | 4 6 7 8 10 11 12 14 15 | 15.4

Action                   |  1- 3 |  4- 6 |  7- 9 | 10-12 | 13-15 | 16-18 | 19-21 | 22-24 | 25-27 || total
-------------------------+-------+-------+-------+-------+-------+-------+-------+-------+-------++-------
Melee: Hand axe          |    92 |   155 |   322 |       |       |       |       |       |       ||   569
       Punch             |     2 |       |     3 |    11 |     9 |       |       |       |       ||    25
       Short sword       |     3 |       |       |       |       |       |       |       |       ||     3
       War axe           |       |       |   128 |   550 |   426 |       |       |       |       ||  1104
       Mace              |       |       |       |       |    90 |    11 |       |       |       ||   101
       Battleaxe         |       |       |       |       |   649 |   875 |       |       |       ||  1524
       Broad axe         |       |       |       |       |     2 |       |       |       |       ||     2
       Executioner's axe |       |       |       |       |       |   304 |   931 |  1036 |   131 ||  2402
Throw: Stone             |     3 |     4 |     6 |       |       |       |       |       |       ||    13
       Dart              |       |       |     3 |    47 |    85 |   126 |     4 |    22 |     7 ||   294
       Throwing net      |       |       |       |       |       |       |       |     1 |       ||     1
Invok: Berserk           |     3 |     3 |     9 |     7 |     6 |     1 |     1 |     2 |       ||    32
       Trog's Hand       |       |     3 |       |     3 |     3 |     4 |     3 |     7 |       ||    23
       Brothers in Arms  |       |       |       |     1 |     4 |    15 |    11 |    16 |       ||    47
Evoke: Wand              |       |       |     3 |     9 |     1 |     5 |     2 |     7 |     2 ||    29
       Phantom mirror    |       |       |       |     1 |     1 |       |       |       |       ||     2
       Phial of floods   |       |       |       |       |     1 |     2 |     1 |     3 |       ||     7
       Condenser vane    |       |       |       |       |       |       |       |     2 |       ||     2
  Use: Scroll            |     1 |     5 |     4 |    12 |     4 |     9 |     4 |    12 |    15 ||    66
       Potion            |       |     1 |     2 |     8 |       |     1 |     3 |     7 |     5 ||    27
 Stab: Sleeping          |     1 |       |       |       |       |       |       |       |       ||     1
       Invisible         |       |     1 |       |     5 |       |       |       |       |       ||     6
       Distracted        |       |       |       |     1 |     2 |       |     3 |     2 |       ||     8
       Confused          |       |       |       |       |       |     1 |       |       |       ||     1
       Fleeing           |       |       |       |       |       |       |     1 |       |       ||     1
       Held in net/web   |       |       |       |       |       |       |       |     2 |       ||     2
Armor: Animal skin       |    31 |     6 |       |       |       |       |       |       |       ||    37
       Scale mail        |       |    76 |       |       |       |       |       |       |       ||    76
       Chain mail        |       |     2 |   150 |       |   287 |  1268 |   594 |   703 |       ||  3004
       Plate armour      |       |       |   113 |   355 |   679 |       |       |       |       ||  1147
       Crystal plate arm |       |       |       |       |       |       |       |    48 |    87 ||   135
Dodge: Dodged            |    66 |    74 |   130 |   209 |   685 |   880 |   494 |   674 |    65 ||  3277
Block: Other             |       |       |       |     1 |       |       |       |       |       ||     1
